Map: Cactus Valley LE (Void)

Players

Javert - Winner!

  • Race: Zerg Zerg
  • League: Grandmaster

JorgeCis

  • Race: Terran Terran
  • League: Grandmaster

VOD

Have the link to the VOD?

Description

Time

  • Played on: June 25, 2015, 11:12 p.m.
  • Length: 10:18
Show
View Real Time Build Order
Export as new Build Order

Javert Zerg - Winner!

Build Orders: Hatch First 

Get SALT Encoding   

  12  0:01  Drone  
  13  0:12  Overlord  
  13  0:20  Drone  
  14  0:31  Drone x2  
  16  0:38  Drone  
  17  0:54  Hatchery  
  16  0:57  Drone, Extractor  
  17  1:04  Drone  
  17  1:12  Drone  
  18  1:20  Spawning Pool  
  18  1:23  Drone  
  18  1:31  Drone  
  19  1:40  Drone  
  20  1:51  Drone  
  21  2:05  Drone  
  21  2:08  Overlord  
  22  2:09  Queen  
  22  2:11  Metabolic Boost, Queen  
  26  2:15  Zergling x2  
  27  2:23  Zergling x2  
  28  2:32  Zergling x4  
  29  2:55  Drone x4  
  33  3:01  Drone x2  
  35  3:16  Overlord  
  35  3:19  Hatchery  
  34  3:27  Overlord  
  34  3:34  Queen  
  34  3:39  Drone  
  34  3:40  Drone x7  
  44  3:50  Drone  
  44  3:51  Drone x2  
  44  3:52  Lair  
  47  3:56  Extractor  
  47  3:59  Extractor x2  
  44  4:07  Drone x7  
  51  4:23  Evolution Chamber x2, Overlord  
  49  4:29  Burrow  
  49  4:33  Drone x2  
  49  4:34  Drone x5  
  56  4:47  Drone x4  
  56  4:48  Drone x2  
  56  4:50  Zerg Missile Weapons Level 1  
  62  4:54  Zerg Ground Armor Level 1  
  62  5:01  Roach Warren  
  62  5:02  Overseer  
  61  5:12  Overlord x2  
  61  5:15  Extractor x2  
  61  5:18  Hydralisk Den  
  58  5:30  Spore Crawler  
  58  5:31  Spore Crawler  
  56  5:40  Queen  
  58  5:43  Glial Reconstitution  
  58  5:44  Overlord x2  
  58  5:46  Drone x14  
  72  5:55  Muscular Augments  
  72  6:00  Spore Crawler  
  72  6:01  Spore Crawler  
  70  6:07  Spore Crawler  
  70  6:11  Overseer  
  69  6:19  Spore Crawler  
  68  6:32  Roach x6  
  93  6:33  Roach x9  
  95  6:40  Drone x2  
  95  6:41  Drone, Spore Crawler  
  95  6:42  Drone  
  98  6:50  Overlord x3  
  98  6:51  Overlord  
  97  7:12  Hydralisk x7  
  111  7:26  Zerg Ground Armor Level 2, Zerg Missile Weapons Level 2  
  111  7:29  Hydralisk x2  
  111  7:30  Hydralisk  
  111  7:35  Roach x15  
  115  7:42  Pneumatized Carapace  
  115  7:44  Drone  
  115  7:45  Drone x6  
  115  7:46  Extractor  
  115  7:47  Hatchery  
  120  7:51  Extractor  
  120  7:57  Overseer  
  119  7:59  Roach x5  
  121  8:24  Roach  
  121  8:25  Roach x11  
  121  8:41  Roach x6  
  129  8:48  Overlord x2  
  121  9:03  Hydralisk x7  
  135  9:11  Drone x4  
  135  9:15  Hatchery  
  138  9:18  Infestation Pit  
  137  9:29  Hydralisk x5  
  147  9:34  Spore Crawler  
  146  9:49  Roach x7  
Show
View Real Time Build Order
Export as new Build Order

JorgeCis Terran 

Build Orders: Reaper Expand, MMM Bio 

Get SALT Encoding   

  12  0:00  SCV  
  13  0:13  SCV  
  14  0:17  Supply Depot  
  14  0:25  SCV  
  15  0:29  Refinery  
  15  0:41  Barracks  
  15  0:44  SCV  
  16  0:56  SCV  
  17  1:08  SCV  
  18  1:20  SCV  
  19  1:28  Reaper  
  19  1:30  Supply Depot  
  20  1:33  Orbital Command  
  20  1:58  Command Center  
  20  2:00  SCV  
  21  2:12  SCV  
  22  2:15  Marine  
  22  2:16  Factory  
  23  2:26  SCV  
  24  2:32  Bunker  
  24  2:35  Marine  
  25  2:38  SCV  
  26  2:50  SCV  
  27  2:54  Refinery, Marine  
  28  3:01  Supply Depot  
  28  3:03  Factory Tech Lab  
  28  3:04  SCV  
  28  3:05  Starport  
  29  3:11  Orbital Command  
  29  3:15  Supply Depot  
  29  3:18  SCV  
  30  3:30  SCV  
  30  3:31  Siege Tank  
  34  3:39  SCV  
  34  3:42  SCV  
  34  3:45  Starport Tech Lab  
  34  3:48  Refinery  
  35  3:52  SCV  
  35  3:54  SCV  
  37  4:02  Marine  
  38  4:04  SCV  
  38  4:06  SCV  
  38  4:09  Banshee  
  43  4:10  Cloaking Field  
  43  4:16  SCV  
  43  4:18  SCV  
  43  4:23  Supply Depot, Barracks  
  44  4:27  Refinery  
  44  4:28  SCV  
  44  4:30  SCV  
  46  4:35  Barracks Tech Lab  
  46  4:40  SCV  
  46  4:42  SCV  
  48  4:51  Supply Depot  
  48  4:52  SCV  
  49  4:54  Marine  
  49  4:55  SCV  
  49  4:56  Banshee, Stimpack  
  54  5:04  SCV  
  54  5:05  Engineering Bay  
  56  5:07  SCV  
  56  5:11  Command Center  
  56  5:12  Barracks Reactor  
  56  5:15  Barracks  
  56  5:23  SCV, Engineering Bay  
  57  5:32  SCV  
  58  5:35  SCV  
  58  5:38  Missile Turret x2  
  58  5:42  Marine  
  60  5:44  SCV  
  60  5:47  SCV  
  62  5:52  Starport Reactor  
  62  5:56  SCV, Marine  
  64  5:57  Terran Infantry Weapons Level 1  
  64  6:00  SCV  
  64  6:01  Terran Infantry Armor Level 1  
  64  6:03  Marine  
  66  6:06  Siege Tank  
  66  6:08  SCV  
  70  6:12  SCV  
  70  6:16  Marine x2  
  73  6:20  SCV  
  74  6:31  SCV  
  74  6:32  SCV, Medivac x2  
  80  6:35  Marine x3  
  80  6:37  Marine  
  84  6:43  SCV, Siege Tank  
  84  6:44  SCV  
  84  6:46  Supply Depot  
  89  6:51  Armory  
  89  6:52  Barracks  
  89  6:53  Marine x2  
  91  6:55  SCV  
  91  6:56  Supply Depot  
  92  7:08  Marine  
  92  7:09  Marine  
  92  7:12  Marine x2  
  92  7:14  SCV  
  96  7:15  Combat Shields  
  96  7:17  Concussive Shells  
  96  7:18  Medivac x2  
  100  7:26  Marine x2  
  100  7:27  Orbital Command  
  102  7:30  Marine  
  103  7:37  Marine  
  103  7:39  SCV x2  
  106  7:44  Marine  
  106  7:45  Marauder  
  106  7:48  Barracks Tech Lab  
  106  7:51  Barracks  
  109  7:57  Terran Infantry Weapons Level 2  
  109  7:59  Supply Depot  
  109  8:01  Supply Depot  
  109  8:03  Missile Turret  
  109  8:13  Missile Turret  
  109  8:15  SCV, Marauder  
  109  8:16  Marine x2  
  109  8:17  SCV x2, Marine  
  109  8:18  Marine  
  88  8:27  SCV  
  88  8:29  SCV x2  
  84  8:34  Marauder, Marine  
  84  8:35  Marine  
  84  8:39  SCV  
  85  8:41  SCV  
  85  8:45  Marine x2  
  80  8:52  Marine  
  80  8:53  Marine  
  80  8:55  Marine  
  67  9:02  Marine  
  67  9:03  Marine  
  67  9:08  Siege Tank  
  67  9:09  Medivac x2  
  74  9:10  Marine  
  74  9:11  Marine  
  74  9:13  Marine  
  74  9:16  Marine  
  78  9:20  Marine x2  
  78  9:28  Marine  
  78  9:29  Marine  
  78  9:30  SCV x2  
  78  9:31  Marine  
  83  9:34  Barracks, Marine  
  83  9:36  Orbital Command  
  83  9:38  Marine x2  
  84  9:44  Missile Turret  
  86  9:45  Marine  
  86  9:46  Marine  
  86  9:48  Marine  
  86  9:52  Marine  
  74  9:56  Marine  
  74  9:57  Marauder  
Tags
 
Add a new tag
Caveats
  • Supply blocks, unpowered buildings, or Contaminate may cause inaccurate times.
  • Supply counts are checked every 10 seconds.